 Dungeon Crawl Stone Soup version 0.29.1-13-g9f3cf754e1 (webtiles) character file.

Game seed: 10693715561677051741

60 croobank the Insei (level 4, 0/29 HPs)
             Began as an Octopode Transmuter on Feb 5, 2023.
             Slain by a black bear (4 damage)
             ... on level 2 of the Dungeon.
             The game lasted 00:03:52 (2246 turns).

croobank the Insei (Octopode Transmuter)            Turns: 2246, Time: 00:03:52

Health: 0/29       AC:  1    Str:  9    XL:     4   Next: 6%
Magic:  5/7        EV: 13    Int: 22    God:
Gold:   45         SH:  0    Dex: 12    Spells: 1/7 levels left

rFire   + . .      SeeInvis .   b - +3 sling "Jiunuyt" {flame, Int+5}
rCold   + . .      Faith    .   (no shield)
rNeg    . . .      Spirit   .   (helmet currently unavailable)
rPois   +          Reflect  .   (no amulet)
rElec   +          Harm     .   (no ring)
rCorr   +          Rampage  .   (no ring)
Will    .....                   (no ring)
Stlth   ++........              (no ring)
HPRegen 0.09/turn               (no ring)
MPRegen 0.10/turn               (no ring)
                                (no ring)
                                (no ring)

@: appendages, resistant, wereblooded
A: tentacle spike 3, almost no armour, amphibious, 8 rings, camouflage 1,
gelatinous body 1, (nimble swimmer 1), tentacles
a: End Transformation


You were on level 2 of the Dungeon.
One of your tentacles had grown a beastly spike.
You visited 1 branch of the dungeon, and saw 2 of its levels.

You collected 45 gold pieces.

Inventory:

Hand Weapons
 a - a +0 dagger
 b - the +3 sling "Jiunuyt" (weapon) {flame, Int+5}
   (You found it on level 2 of the Dungeon)

   Any ammunition fired from it burns those it strikes, dealing additional fire
   damage.
   Int:       It affects your intelligence (+5).
 e - a +0 sling
Missiles
 h - 4 poisoned darts
Jewellery
 c - a ring of poison resistance
Scrolls
 j - 2 scrolls of poison {unknown}
 k - a scroll of amnesia {unknown}
 l - a scroll of acquirement {unknown}
 m - a scroll of identify {unknown}
 n - a scroll of brand weapon {unknown}
 o - 2 scrolls of teleportation {unknown}
Potions
 d - 2 potions of lignification
 f - a potion of resistance
 g - a potion of haste {unknown}
 i - a potion of degeneration {unknown}


   Skills:
 + Level 1.7 Fighting
 + Level 1.1 Short Blades
 + Level 2.5 Dodging
 - Level 3.1 Unarmed Combat
 + Level 2.4 Spellcasting
 + Level 2.5 Transmutations
 + Level 0.0 Poison Magic


You had one spell level left.
You knew the following spells:

 Your Spells              Type           Power      Damage    Failure   Level
a - Beastly Appendage     Tmut           28%        N/A       4%          1
b - Wereblood             Tmut           14%        N/A       7%          2
c - Spider Form           Tmut/Pois      8%         N/A       22%         3

Your spell library contained the following spells:

 Spells                   Type           Power      Damage    Failure   Level
 Ice Form                 Ice/Tmut       8%         N/A       61%         4


Dungeon Overview and Level Annotations

Branches:
Dungeon (2/15)

Altars:


Innate Abilities, Weirdness & Mutations

One of your tentacles has grown a beastly spike.
You cannot wear most types of armour.
You are amphibious.
You can wear up to eight rings at the same time.
Your skin changes colour to match your surroundings (Stealth+).
Your rubbery body absorbs attacks. (AC +1, EV +1)
((You are camouflaged when in or above water. (Stealth+)))
You have tentacles for arms and can constrict up to eight enemies at once.


Message History

One of your tentacles grows a vicious spike.
You shoot a sling bullet.
The sling bullet barely misses the black bear.
The black bear bites you! The black bear closely misses you.
The black bear barely misses you. The black bear closely misses you.
The black bear barely misses you. The black bear closely misses you.
You shoot a sling bullet.
The sling bullet barely misses the black bear.
The black bear closely misses you. The black bear barely misses you. x2
You shoot a sling bullet.
The sling bullet hits the black bear but does no damage.
The black bear is severely wounded.
The black bear bites you. The black bear closely misses you.
The black bear claws you.
You are too injured to fight recklessly!
You are too injured to fight recklessly!
You are too injured to fight recklessly!
Fire: b) +3 sling "Jiunuyt" {flame, Int+5}
Press: ? - help, Q - select action, (/) - cycle Shift-Dir - straight line, f/p - black bear
Aim: a black bear (severely wounded, 65% to hit)
You shoot a sling bullet. The sling bullet hits the black bear.
The sling bullet burns the black bear.
The black bear is almost dead.
The black bear completely misses you. The black bear barely misses you. x2
The black bear goes berserk!
Fire: b) +3 sling "Jiunuyt" {flame, Int+5}
Press: ? - help, Q - select action, (/) - cycle Shift-Dir - straight line, f/p - black bear
Aim: a black bear (almost dead, berserk, 65% to hit)
You shoot a sling bullet. The sling bullet hits the black bear.
The sling bullet burns the black bear.
The black bear is almost dead.
The black bear misses you. The black bear claws you. x2
* * * LOW HITPOINT WARNING * * *
The black bear closely misses you. The black bear claws you.
* * * LOW HITPOINT WARNING * * *
The black bear closely misses you.
It was a potion of resistance.
You feel protected. The black bear misses you. The black bear claws you.
You die...

######### #.......###
#<......#.######### ###
#.#####....#......# ##.##
#.##...<...h@...#.###.#.##
#.##.##....#.##.#.##.###.##
#.##.##.#.##.##.....## ##.#
#.......####.####.#..###..#
##.###### #.####.#.#.#.#.#
#.# #......#.....#.# #.#
######.#..##.#.# #.#
########.#.......# #.#
#.....##.......###


You could see a black bear (berserk).

Vanquished Creatures
  An adder (D:2)
  2 dart slugs (D:1)
  4 ball pythons
  4 bats
  6 endoplasms
  5 goblins
  3 hobgoblins
  7 jackals (D:1)
  A kobold (D:2)
  3 frilled lizards (D:1)
  5 rats
41 creatures vanquished.

Vanquished Creatures (others)
  6 fungi (D:1)
  5 plants (D:1)
11 creatures vanquished.

Grand Total: 52 creatures vanquished

Notes
Turn   | Place    | Note
-------+----------+-------------------------------------------
     0 | D:1      | croobank the Octopode Transmuter began the quest for the
                  | Orb.
     0 | D:1      | Reached XP level 1. HP: 13/13 MP: 3/3
   259 | D:1      | Reached XP level 2. HP: 18/18 MP: 3/5
   262 | D:1      | Learned a level 2 spell: Wereblood
   588 | D:1      | Reached XP level 3. HP: 23/23 MP: 3/6
   595 | D:1      | Learned a level 3 spell: Spider Form
   891 | D:1      | Found a faded altar of an unknown god.
  1417 | D:2      | Reached skill level 1 in Short Blades
  1761 | D:2      | Identified the +3 sling "Jiunuyt" {flame, Int+5}
  1919 | D:2      | Noticed a black bear
  1976 | D:2      | Reached XP level 4. HP: 29/29 MP: 3/7
  2246 | D:2      | Slain by a black bear

Illustrated notes

Levels and vault maps discovered:
D:1:      giann_horns, layout_loops_ring,
          shapermc_ecumenical_altar_mp_urbaneastern, minmay_pentomino_w2
D:2:      layout_loops_cross

Skill      XL: |  1  2  3 |
---------------+----------+-----
Short Blades   | 1 |  1.1
Fighting       | |  1.7
Dodging        | |  2.5
Unarmed Combat | |  3.1
Spellcasting   | |  2.4
Transmutations | |  2.5

Action                   |  1- 3 |  4- 6 || total
-------------------------+-------+-------++-------
Melee: Unarmed           |    18 |       ||    18
       Kick              |    15 |       ||    15
       Constrict         |    19 |       ||    19
       Dagger            |    63 |       ||    63
       Tentacles         |    11 |       ||    11
       Punch             |     1 |       ||     1
 Fire: Sling             |     2 |    11 ||    13
 Cast: Beastly Appendage |    18 |     1 ||    19
       Wereblood         |    13 |     3 ||    16
  Use: Potion            |       |     1 ||     1
 Stab: Sleeping          |     7 |       ||     7
Armor: Skin              |     7 |       ||     7
Dodge: Dodged            |    45 |    16 ||    61
